 Dungeon Crawl Stone Soup version 0.31.0-12-g77e489cdc1 (webtiles) character file.

Game seed: 606364836835365790

38 Goblin1989 the Sneak (level 3, 0/29 HPs)
             Began as a Demonspawn Delver on Feb 17, 2024.
             Slain by an adder (1 damage)
             ... on level 4 of the Dungeon.
             The game lasted 00:01:59 (160 turns).

Goblin1989 the Sneak (Demonspawn Delver)             Turns: 160, Time: 00:01:59

Health: 0/29       AC:  3    Str: 14    XL:     3   Next: 25%
Magic:  3/3        EV: 11    Int: 12    God:
Gold:   0          SH:  0    Dex: 14    Spells: 2/2 levels left

rFire   . . .        a - +0 mace
rCold   . . .        (no shield)
rNeg    . . .        b - +0 leather armour
rPois   .            (no helmet)
rElec   .            (no cloak)
rCorr   .            (no gloves)
SInv    .            (no boots)
Will    .....        (no amulet)
Stlth   ++           (no ring)
HPRegen 0.24/turn    (no ring)
MPRegen 0.08/turn

%: no passive effects
@: lethally poisoned (0 -> -2)
A: hooves 1, big brain 1
a: no special abilities


You were on level 4 of the Dungeon.
You visited 1 branch of the dungeon, and saw 2 of its levels.

Inventory:

Hand Weapons
 a - a +0 mace (weapon)
Armour
 b - a +0 leather armour (worn)
Wands
 g - a wand of digging (3) {@v3}
Scrolls
 c - a scroll of fog
 d - a scroll of revelation
 h - a scroll of identify {unknown}
 i - a scroll of enchant weapon {unknown}
Potions
 f - a potion of haste {@q3,}


   Skills:
 - Level 3.0 Fighting
 + Level 3.4 Maces & Flails
 - Level 1.7 Dodging
 - Level 4.5 Stealth


You had 2 spell levels left.
You didn't know any spells.
Your spell library was empty.

Dungeon Overview and Level Annotations

Branches:
Dungeon (5/15) Zot: 11833
 Temple: D:4-7

Altars:

Shops:
D:4 !   D:5 (


Innate Abilities, Weirdness & Mutations

You have large cloven feet.
You have an unusually large brain. (Int +2)


Message History

The orc shouts!
The scorpion looks frightened!
An orc comes into view. It is wielding a +0 club.
Found 11 gold pieces.
There is a stone staircase leading up here.
The orc hits you with a +0 club.
You climb upwards.
Found Voakintih's Distillery.
There is a stone staircase leading down here.
You take 1 damage, and have 12/18 hp.
You hit the orc.
The orc is moderately wounded.
The orc hits you with a +0 club.
You take 1 damage, and have 11/18 hp.
Unknown command.
You hit the orc.
You kill the orc!
The giant cockroach barely misses you.
Unknown command.
You hit the giant cockroach.
You kill the giant cockroach!
A jackal and an adder come into view.
Found a stone staircase leading up.
The adder hisses angrily.
The jackal barks!
A jackal comes into view.
A goblin comes into view. It is wielding a +0 club.
The hound attacks as it pursues you! The hound closely misses you.
The jackal moves out of view.
A jackal comes into view.
The hound closely misses you. The hound bites you.
Found a scroll labelled SALOUTA ZAH DAIR.
The jackal barely misses you.
The jackal bites you but does no damage.
The hound misses you.
You hit the hound.
The hound is moderately wounded.
The hound closely misses you. The hound barely misses you.
You barely miss the hound.
The hound is moderately wounded.
The hound misses you. The hound barely misses you.
You miss the hound.
The hound is moderately wounded.
The hound bites you but does no damage. The hound bites you.
You take 3 damage, and have 10/18 hp.
You barely miss the hound.
The hound is moderately wounded.
The hound bites you.
* * * LOW HITPOINT WARNING * * *
The hound bites you.
* * * LOW HITPOINT WARNING * * *
You take 4 damage, and have 6/18 hp.
MASSIVE DAMAGE!!
You hit the hound.
The hound is severely wounded.
The hound barely misses you.
The jackal barks!
You hit the hound.
The hound is severely wounded.
The hound bites you but does no damage. The hound misses you.
You closely miss the hound.
The hound is severely wounded.
The hound closely misses you. The hound barely misses you.
You closely miss the hound.
The hound is severely wounded.
The hound closely misses you. The hound bites you.
* * * LOW HITPOINT WARNING * * *
You take 3 damage, and have 4/18 hp.
You hit the hound.
You kill the hound!
Your Maces & Flails skill increases to level 3!
You have reached level 2!
Your demonic ancestry asserts itself...
Your brain expands.
You have reached level 3!
Your experience leads to an increase in your attributes!
Increase (s)trength, (i)ntelligence, or (d)exterity?
You feel stronger. x2; Your demonic ancestry asserts itself...
Your feet thicken and deform.
You regained 4 hp, and now have 8/29 hp.
MP restored: 3 You closely miss the jackal.
The jackal closely misses you.
You closely miss the jackal.
The jackal barks!
You kick the jackal.
You kill the jackal!
The adder bites you.
* * * LOW HITPOINT WARNING * * *
You take 1 damage, and have 7/29 hp.
You hit the adder. You kick the adder.
The adder is heavily wounded.
The adder bites you.
* * * LOW HITPOINT WARNING * * *
You are poisoned.
The adder poisons you! The adder bites you.
* * * LOW HITPOINT WARNING * * *
You take 4 damage, and have 3/29 hp.
You hit the adder but do no damage. You kick the adder.
The adder is severely wounded.
* * * LOW HITPOINT WARNING * * *
You feel sick. The adder bites you.
You die... ████████

██......██
██)>......█
█..†.......
█......∩...
█████████..........
.......@Sh.........
.████.███..........
.. ........... █.
.█.......... █
█..h.<....
█.h...... .........
.h..?..


You could see an adder and a jackal.

Vanquished Creatures
  A hound (D:4)
  2 orcs
  A giant cockroach (D:4)
  A jackal (D:4)
5 creatures vanquished.

Notes
Turn   | Place    | Note
-------+----------+-------------------------------------------
     0 | D:5      | Goblin1989 the Demonspawn Delver began the quest for the
                  | Orb.
     0 | D:5      | Reached XP level 1. HP: 18/18 MP: 1/1
    72 | D:5      | Noticed a sleepcap
   114 | D:5      | Noticed a scorpion
   115 | D:5      | Noticed a scorpion
   129 | D:5      | Noticed a sleepcap
   131 | D:5      | Found Niuk's Weapon Emporium.
   139 | D:4      | Noticed a hound
   139 | D:4      | Found Voakintih's Distillery.
   156 | D:4      | Killed a hound
   157 | D:4      | Gained mutation: You have an unusually large brain. (Int
                  | +2) [demonic ancestry]
   157 | D:4      | Reached XP level 2. HP: 6/24 MP: 2/2
   157 | D:4      | Gained mutation: You have large cloven feet. [demonic
                  | ancestry]
   157 | D:4      | Reached XP level 3. HP: 8/29 MP: 3/3
   160 | D:4      | HP: 1/29 [poisoned by an adder]
   160 | D:4      | Slain by an adder

Illustrated notes

Levels and vault maps discovered:
D:4:      minmay_polygon_palace, layout_rooms, serial_shops, shop,
          nicolae_shop_behind_doors, shop_scrolls, shop, minmay_misc_feat_roman,
          minivault_5, minmay_gold_behind_fungi, uniq_edmund
D:5:      layout_rooms, minitemple, serial_shops, nicolae_stop_n_shop_2,
          nicolae_shop_i_like_small_books_too, kennysheep_generic_room_3

Skill      XL: |  1 |
---------------+----+-----
Maces & Flails | 3 |  3.4
Fighting       | |  3.0
Dodging        | |  1.7
Stealth        | |  4.5

Action                     || total
---------------------------++-------
  Melee: Mace              ||    20
         Kick              ||     3
    Use: Scroll            ||     1
 Armour: Leather armour    ||    21
  Dodge: Dodged            ||    15
